 Dungeon Crawl Stone Soup version 0.25-a0-667-gb977e01cb5 (webtiles) character file.

Game seed: 14695498370236471061, levelgen mode: deterministic

3 sanka the Grasshopper (level 1, -4/9 HPs)
             Began as a Felid Wanderer on Mar 27, 2020.
             Slain by a hobgoblin
             ... wielding a +0 club
              (6 damage)
             ... on level 1 of the Dungeon.
             The game lasted 00:00:27 (121 turns).

sanka the Grasshopper (Felid Wanderer)               Turns: 121, Time: 00:00:27

Health: -4/9       AC:  1    Str:  7    XL:     1   Next: 41%
Magic:  2/2        EV: 17    Int: 16    God:
Gold:   0          SH:  0    Dex: 13    Spells: 0/0 levels left
                                        Lives:  0   Deaths: 0

rFire    . . .     SeeInvis +     - Unarmed
rCold    . . .     Gourm    .   (shield unavailable)
rNeg     . . .     Faith    .   (armour unavailable)
rPois    .         Spirit   .   (helmet unavailable)
rElec    .         Reflect  .   (cloak unavailable)
rCorr    .         Harm     .   (gloves unavailable)
MR       .....                  (boots unavailable)
Stlth    ++........             (no amulet)
HPRegen  0.03/turn              (no ring)
MPRegen  0.08/turn              (no ring)

@: quick
A: very small, no armour, no weapons or thrown items, stealth, claws 1, fangs 3,
see invisible, carnivore, speed 1, shaggy fur 1, slow metabolism 1, sharp paws
a: no special abilities


You were on level 1 of the Dungeon.
You were not hungry.

You visited 1 branch of the dungeon, and saw 1 of its levels.


Innate Abilities, Weirdness & Mutations

You cannot wear armour.
You are incapable of wielding weapons or throwing items.
Your paws allow you to move quietly. (Stealth)
You have sharp claws.
You have razor-sharp teeth.
You have supernaturally acute eyesight. (SInv)
You are carnivorous and can eat meat at any time.
You cover ground quickly.
You are covered in fur. (AC +1)
You have a slow metabolism.
Your sharp claws are effective at attacking unaware monsters.


   Skills:
 - Level 2.0 Fighting
 - Level 2.6 Dodging
 - Level 1.3 Stealth
 + Level 1.5 Unarmed Combat
   Level 3.0 Translocations
   Level 1.0 Air Magic
   Level 1.1 Evocations


You couldn't memorise any spells.
You didn't know any spells.
Your spell library contained the following spells:

 Spells                   Type           Power        Failure   Level  Hunger
 Blink                    Tloc           N/A          11%         2    ###....
 Shroud of Golubria       Chrm/Tloc      #.....       21%         2    ###....
 Gell's Gravitas          Tloc           #.........   22%         3    ####...
 Lesser Beckoning         Tloc           #.........   22%         3    ####...
 Teleport Other           Tloc           #.......     22%         3    ####...
 Passage of Golubria      Tloc           N/A          58%         4    #####..

Inventory:

Potions
 b - a potion of lignification {!q}
 c - a potion of curing {@q1}
Comestibles
 d - a ration

Dungeon Overview and Level Annotations

Branches:
Dungeon (1/15)

Altars:

...▒▒▒▒ .. .....▒
...▒..... ▒..▒.....
.▒.▒▒.▒ ▒▒......▒
▒....▒.▒ ........▒
▒.......
......g.▒▒▒...... ...
.......h.......▒ ....
.........▒▒....▒▒▒▒....
..........£...▒▒.....▒▒
.......▒..............▒▒
.......................▒
...........%...........▒
........(..............▒
............†..........▒
...................!....


You could see a hobgoblin.


Message History

The bat closely misses you. The bat hits you but does no damage.
The bat hits you.
You scratch the bat.
You kill the bat!
No target in view!
No target in view!
No target in view!
You start resting.
A hobgoblin comes into view. It is wielding a +0 club.
The hobgoblin shouts!
You scratch the hobgoblin but do no damage.
The hobgoblin hits you with a +0 club.
You scratch the hobgoblin.
The hobgoblin is moderately wounded.
The hobgoblin misses you.
You barely miss the hobgoblin.
The hobgoblin is moderately wounded.
The hobgoblin hits you with a +0 club.
* * * LOW HITPOINT WARNING * * *
You completely miss the hobgoblin.
The hobgoblin is moderately wounded.
The hobgoblin barely misses you.
You scratch the hobgoblin but do no damage.
The hobgoblin is moderately wounded.
The hobgoblin completely misses you.
You barely miss the hobgoblin. The hobgoblin hits you with a +0 club.
Ouch! That really hurt!
You die...

Action                   || total
-------------------------++-------
Melee: Unarmed           ||    19
       Bite              ||     1
Armor: Skin              ||     2
Dodge: Dodged            ||    22

Levels and vault maps discovered:
D:1:      evilmike_arrival_crescent, layout_rooms

Notes
Turn   | Place    | Note
-------+----------+-------------------------------------------
     0 | D:1      | sanka the Felid Wanderer began the quest for the Orb.
     0 | D:1      | sanka set off with the following items: a potion of
                  | lignification {!q}, a potion of curing {@q1}, a ration; and
                  | the following spells available to memorise: Blink, Shroud
                  | of Golubria, Gell's Gravitas, Lesser Beckoning, Teleport
                  | Other, Passage of Golubria
     0 | D:1      | Reached XP level 1. HP: 9/9 MP: 2/2
   121 | D:1      | Slain by a hobgoblin

Vanquished Creatures
  3 bats (D:1)
  A kobold (D:1)
4 creatures vanquished.
